Workbook
Name SourceList: Repositório!$A$1:$A$4

Sheet DADOS
A1: Prefeitura Municipal de Schroeder - SC
A2: SEMOSU - Secretaria Municipal de Obras e Serviços Urbanos
A3: Data do documento: | C3: 14/04/2022
A4: Licitação número:
A5: Lote:
A6: Dados da licitante
A7: Razão social
A8: CNPJ:
A9: Telefone:
A10: E-Mail:
A11: Nome responsável:
A12: CPF responsável:
A13: Cidade licitante:
A14: UF licitante:

Sheet Orçamento
A1: Prefeitura Municipal de Schroeder - SC
A2: Orcamento de obra - Reforma da Cobertura na E.M Clarice Lange Jacobi
A3: Data: | B3: =DADOS!C3
A4: Empresa: | B4: =DADOS!C7 | G4: Telefone: | H4: =DADOS!C9
A5: CNPJ: | B5: =DADOS!C8 | D5: Cidade: | E5: =DADOS!C13 | H5: UF: | I5: =DADOS!C14
A7: Item | B7: Descrição dos itens | C7: U.M. | D7: Qtde. | E7: Custo base R$ | F7: Custo Un. R$ | G7: %BDI/K/TRDE | H7: Valor Un. R$ | I7: Total R$
A8: 1 | B8: SERVIÇOS INICIAIS | I8: =SUM(I9:I12) | J8: Etapa
A9: 1.1 | B9: PLACA DE OBRA EM CHAPA DE AÇO GALVANIZADO (DIMENSÕES CONFORME MEMORIAL) - INCLUSO SARRAFO DE MADEIRA, PONTALETE, PLACA DE OBRA, PREÇO DE AÇO, CARPINTEIRO, SERVENTE, CONCRETO MAGRO. | C9: M2 | D9: 2.88 | E9: 333.84 | H9: =ROUND((ROUND(F9,2)*G9/100)+ROUND(F9,2),2) | I9: =ROUND(H9*D9,2) | J9: Item
A10: 1.2 | B10: REMOÇÃO DE TELHAS, DE FIBROCIMENTO, METÁLICA E CERÂMICA, DE FORMA MANUAL, SEM REAPROVEITAMENTO. AF_12/2017 | C10: M2 | D10: 460.5 | E10: 3.33 | H10: =ROUND((ROUND(F10,2)*G10/100)+ROUND(F10,2),2) | I10: =ROUND(H10*D10,2) | J10: Item
A11: 1.3 | B11: REMOÇÃO DE TRAMA DE MADEIRA PARA COBERTURA, DE FORMA MANUAL, SEM REAPROVEITAMENTO. AF_12/2017 | C11: M2 | D11: 460.5 | E11: 7.16 | H11: =ROUND((ROUND(F11,2)*G11/100)+ROUND(F11,2),2) | I11: =ROUND(H11*D11,2) | J11: Item
A12: 1.4 | B12: REMOÇÃO DE FORROS DE DRYWALL, PVC E FIBROMINERAL, DE FORMA MANUAL, SEM REAPROVEITAMENTO. AF_12/2017 (SE O FORRO DO BEIRAL SE MANTIVER EM BOAS CONDIÇÕES SERÁ DESCONTADO A QUANTIDADE DE 5,35 M2) | C12: M2 | D12: 78.95 | E12: 1.6 | H12: =ROUND((ROUND(F12,2)*G12/100)+ROUND(F12,2),2) | I12: =ROUND(H12*D12,2) | J12: Item
A13: 2 | B13: COBERTURA | I13: =SUM(I14:I19) | J13: Etapa
A14: 2.1 | B14: TRAMA DE MADEIRA COMPOSTA POR RIPAS, CAIBROS E TERÇAS PARA TELHADOS DE MAIS QUE 2 ÁGUAS PARA TELHA DE ENCAIXE DE CERÂMICA OU DE CONCRETO, INCLUSO TRANSPORTE VERTICAL. AF_07/2019 | C14: M2 | D14: 460.5 | E14: 83.25 | H14: =ROUND((ROUND(F14,2)*G14/100)+ROUND(F14,2),2) | I14: =ROUND(H14*D14,2) | J14: Item
A15: 2.2 | B15: TELHAMENTO COM TELHA CERÂMICA DE ENCAIXE, TIPO PORTUGUESA, COM ATÉ 2 ÁGUAS, INCLUSO TRANSPORTE VERTICAL. AF_07/2019 | C15: M2 | D15: 460.5 | E15: 34.24 | H15: =ROUND((ROUND(F15,2)*G15/100)+ROUND(F15,2),2) | I15: =ROUND(H15*D15,2) | J15: Item
A16: 2.3 | B16: CUMEEIRA E ESPIGÃO PARA TELHA CERÂMICA EMBOÇADA COM ARGAMASSA TRAÇO 1:2:9 (CIMENTO, CAL E AREIA), PARA TELHADOS COM MAIS DE 2 ÁGUAS, INCLUSO TRANSPORTE VERTICAL. AF_07/2019 | C16: M | D16: 45.25 | E16: 31.03 | H16: =ROUND((ROUND(F16,2)*G16/100)+ROUND(F16,2),2) | I16: =ROUND(H16*D16,2) | J16: Item
A17: 2.4 | B17: CALHA EM CHAPA DE AÇO GALVANIZADO NÚMERO 24, DESENVOLVIMENTO DE 33 CM, INCLUSO TRANSPORTE VERTICAL - (A SER TROCADO CASO HOUVER NECESSIDADE). AF_07/2019 | C17: M | D17: 91.92 | E17: 74.31 | H17: =ROUND((ROUND(F17,2)*G17/100)+ROUND(F17,2),2) | I17: =ROUND(H17*D17,2) | J17: Item
A18: 2.5 | B18: FORRO EM RÉGUAS DE PVC, FRISADO, PARA AMBIENTES COMERCIAIS, INCLUSIVE ESTRUTURA DE FIXAÇÃO. AF_05/2017_P (SE O FORRO DO BEIRAL SE MANTIVER EM BOAS CONDIÇÕES SERÁ DESCONTADO A QUANTIDADE DE 5,35 M2) | C18: M2 | D18: 78.95 | E18: 73.96 | H18: =ROUND((ROUND(F18,2)*G18/100)+ROUND(F18,2),2) | I18: =ROUND(H18*D18,2) | J18: Item
A19: 2.6 | B19: ACABAMENTOS PARA FORRO (RODA-FORRO EM PERFIL METÁLICO E PLÁSTICO). AF_05/2017 (SE O FORRO DO BEIRAL SE MANTIVER EM BOAS CONDIÇÕES SERÁ DESCONTADO A QUANTIDADE DE 128 M) | C19: M | D19: 162.39 | E19: 12.58 | H19: =ROUND((ROUND(F19,2)*G19/100)+ROUND(F19,2),2) | I19: =ROUND(H19*D19,2) | J19: Item
A20: 3 | B20: LIMPEZA | I20: =SUM(I21:I21) | J20: Etapa
A21: 3.1 | B21: LIMPEZA FINAL DA OBRA | C21: M² | D21: 539.45 | E21: 3.9 | H21: =ROUND((ROUND(F21,2)*G21/100)+ROUND(F21,2),2) | I21: =ROUND(H21*D21,2) | J21: Item
A22: Valor total R$ | I22: =I8+I13+I20
E32: =DADOS!C11
E33: =DADOS!C12

Sheet Cronograma
A1: Prefeitura Municipal de Schroeder - SC
A2: Orcamento de obra - Reforma da Cobertura na E.M Clarice Lange Jacobi
A3: Data: | B3: =DADOS!C3
A4: Empresa: | B4: =DADOS!C7 | G4: Telefone: | H4: =DADOS!C9
A5: CNPJ: | B5: =DADOS!C8 | D5: Cidade: | E5: =DADOS!C13 | H5: UF: | I5: =DADOS!C14
A7: Item | B7: Etapa | C7: Total R$ | D7: % Mês 1 | E7: R$ Mês 1 | F7: % Mês 2 | G7: R$ Mês 2 | H7: % Total | I7: R$ Total
A8: 1 | B8: SERVIÇOS INICIAIS | C8: =Orçamento!I8 | E8: =C8*D8/100 | G8: =C8*F8/100 | H8: =D8+F8 | I8: =E8+G8
A9: 2 | B9: COBERTURA | C9: =Orçamento!I13 | E9: =C9*D9/100 | G9: =C9*F9/100 | H9: =D9+F9 | I9: =E9+G9
A10: 3 | B10: LIMPEZA | C10: =Orçamento!I20 | E10: =C10*D10/100 | G10: =C10*F10/100 | H10: =D10+F10 | I10: =E10+G10
A11: Totais cronograma | C11: =SUM(C8:C10) | D11: =SUM(E8:E10) | F11: =SUM(G8:G10) | H11: =(I11/C11)*100 | I11: =SUM(I8:I10)

Sheet BDI principal
A1: Prefeitura Municipal de Schroeder - SC
A2: Orcamento de obra - Reforma da Cobertura na E.M Clarice Lange Jacobi
A3: Data: | B3: =DADOS!C3
A4: Empresa: | B4: =DADOS!C7 | G4: Telefone: | H4: =DADOS!C9
A5: CNPJ: | B5: =DADOS!C8 | D5: Cidade: | E5: =DADOS!C13 | H5: UF: | I5: =DADOS!C14
A7: Item | B7: 1º quartil | C7: 3º quartil | D7: Proposto | E7: Identificação
A8: AC | B8: 3 | C8: 5.5 | E8: Administração Central | J8: =D8/100
A9: S+G | B9: 0.8 | C9: 1 | E9: Seguro e Garantia | J9: =D9/100
A10: R | B10: 0.97 | C10: 1.27 | E10: Risco | J10: =D10/100
A11: DF | B11: 0.59 | C11: 1.39 | E11: Despesas Financeiras | J11: =D11/100
A12: L | B12: 6.16 | C12: 8.96 | E12: Lucro | J12: =D12/100
A13: I* | B13: 5.65 | C13: 10.65 | D13: =I15+I18+I19 | E13: Tributos * | J13: =D13/100
C14: Total | D14: =ROUND(((((1+J8+J9+J10)*(1+J11)*(1+J12)/(1-J15-J18))-1)*100),2)
F15: PIS e COFINS | I15: 3.65 | J15: =I15/100
F16: Alíquota ISS | I16: 2 | J16: =I16/100
F17: Base de cálculo | I17: 100
F18: ISS Aplicável | I18: =((I17*I16)/100) -> 2 | J18: =I18/100
F19: Cont. Prev. s/Rec.Bruta | I19: 0
E29: =DADOS!C11
E30: =DADOS!C12

Sheet BDI equipamentos
A1: Prefeitura Municipal de Schroeder - SC
A2: Orcamento de obra - Reforma da Cobertura na E.M Clarice Lange Jacobi
A3: Data: | B3: =DADOS!C3
A4: Empresa: | B4: =DADOS!C7 | G4: Telefone: | H4: =DADOS!C9
A5: CNPJ: | B5: =DADOS!C8 | D5: Cidade: | E5: =DADOS!C13 | H5: UF: | I5: =DADOS!C14
A7: Item | B7: 1º quartil | C7: 3º quartil | D7: Proposto | E7: Identificação
A8: AC | B8: 1.5 | C8: 4.49 | E8: Administração Central | J8: =D8/100
A9: S+G | B9: 0.3 | C9: 0.82 | E9: Seguro e Garantia | J9: =D9/100
A10: R | B10: 0.56 | C10: 0.89 | E10: Risco | J10: =D10/100
A11: DF | B11: 0.85 | C11: 1.11 | E11: Despesas Financeiras | J11: =D11/100
A12: L | B12: 3.5 | C12: 6.22 | E12: Lucro | J12: =D12/100
A13: I* | B13: 5.65 | C13: 10.65 | D13: =I15+I18+I19 | E13: Tributos * | J13: =D13/100
C14: Total | D14: =ROUND(((((1+J8+J9+J10)*(1+J11)*(1+J12)/(1-J15))-1)*100),2)
F15: PIS e COFINS | I15: 3.65 | J15: =I15/100
F16: Cont. Prev. s/Rec.Bruta | I16: 0
E26: =DADOS!C11
E27: =DADOS!C12

Sheet BDI Diferenciado
A1: Prefeitura Municipal de Schroeder - SC
A2: Orcamento de obra - Reforma da Cobertura na E.M Clarice Lange Jacobi
A3: Data: | B3: =DADOS!C3
A4: Empresa: | B4: =DADOS!C7 | G4: Telefone: | H4: =DADOS!C9
A5: CNPJ: | B5: =DADOS!C8 | D5: Cidade: | E5: =DADOS!C13 | H5: UF: | I5: =DADOS!C14
A8: K1= | B8: 1.1428 | C8: Encargos sociais incidentes sobre a mão de obra
A9: k2= | B9: 0.2 | C9: Administração central (overhead)
A10: k3= | B10: 0.12 | C10: Margem bruta
A11: k4= | B11: 0 | C11: Impostos (PIS + COFINS + ISS)
A12: K | B12: =(((1+B8+B9)*(1+B10))/(1-B11)) | C12: {[(1+k1+k2)(1+k3)]/(1-k4)}
A13: TRDE | B13: =((1+B10)/(1-B11)) | C13: [(1+k3)/(1-k4)]
E23: =DADOS!C11
E24: =DADOS!C12

Sheet Repositório
A1: ='BDI principal'!D14
A2: ='BDI equipamentos'!D14
A3: ='BDI Diferenciado'!B12
A4: ='BDI Diferenciado'!B13
